AoeStats
← Larkinstreet

Oasis

509917838Analyzed
2v2 RM · 5d ago on Sep 28, 2026· 32m 50s· 4 players
Game mode
Random Map
Map size
Medium (4 player)
Population
200
Speed
Normal
Resources
Standard
Victory
Conquest
Starting age
Dark Age
Ending age
Imperial Age
RankedLock teamsTeams togetherTeam positionsShared explorationLock speedFull tech treeHidden civsTurbo modeCheats
Victory
Defeat
🇦🇺 Saxons · Australia
1126
+16
🇺🇸 Lithuanians · United States
1061
+18
🇩🇪 Bulgarians · Germany
1162
-19
🇩🇪 Mongols · Germany
1075
-15
toesucker69
4:24 Loom
9:38 Feudal Age
10:30 Man-at-Arms
11:24 Double-Bit Axe
16:32 Horse Collar
22:35 Castle Age
20:32 Arson
22:00 Fletching
22:34 Gold Mining
22:40 Crossbowman
23:41 Bodkin Arrow
25:01 Padded Archer Armor
26:02 Wheelbarrow
26:56 Thumb Ring
27:43 Long Swordsman
30:24 Squires
30:10 Gambesons
31:02 Hand Cart
31:43 Pikeman
Larkinstreet
6:53 Loom
9:40 Feudal Age
10:29 Double-Bit Axe
15:36 Gold Mining
16:00 Horse Collar
22:26 Castle Age
21:04 Scale Barding Armor
22:04 Forging
22:07 Bloodlines
24:22 Bow Saw
24:28 Town Watch
28:23 Husbandry
30:36 Chain Barding Armor
30:23 Elite Skirmisher
32:22 Iron Casting
sNNNNN9STAR!
2:08 Loom
12:34 Feudal Age
13:31 Double-Bit Axe
24:55 Fletching
25:06 Padded Archer Armor
30:22 Castle Age
28:58 Wheelbarrow
28:18 Town Watch
30:27 Horse Collar
Dom..
0:31 Loom
12:27 Feudal Age
15:26 Double-Bit Axe
19:24 Castle Age
17:58 Horse Collar
18:23 Stone Mining
20:23 Bow Saw
20:50 Pikeman
21:31 Squires
21:52 Heavy Plow
22:10 Scale Mail Armor
22:21 Forging
22:58 Stone Shaft Mining
24:01 Wheelbarrow
24:07 Gold Mining
28:09 Scale Barding Armor
29:11 Bloodlines
29:08 Husbandry
31:39 Gold Shaft Mining
Connection lost

Rejoining the realm…

Still unreachable

The connection could not be restored.

Session expired

The server has moved on; the page needs a fresh start.